 Dungeon Crawl Stone Soup version 0.18.1-5-g4a78601 (webtiles) character file.

37 oplop the Firebug (level 3, 0/23 HPs)
             Began as an Octopode Fire Elementalist on May 13, 2016.
             Succumbed to an adder's poison
             ... on level 2 of the Dungeon.
             The game lasted 00:02:08 (1414 turns).

oplop the Firebug (Octopode Fire Elementalist)      Turns: 1414, Time: 00:02:09

Health: 0/23       AC:  1    Str:  8    XL:     3   Next: 39%
Magic:  3/6        EV: 12    Int: 17    God:
Gold:   19         SH:  0    Dex: 12    Spells: 0 memorised, 6 levels left

rFire  . . .     SeeInvis .     d - +0 dagger
rCold  . . .     Gourm    .     (no shield)
rNeg   . . .     Faith    .     (helmet restricted)
rPois  .         Spirit   .     (no amulet)
rElec  .         Dismiss  .     (no ring)
rCorr  .         Reflect  .     (no ring)
SustAt .         Harm     .     (no ring)
MR     .....                    (no ring)
Stlth  +++.......               (no ring)
                                (no ring)
                                (no ring)
                                (no ring)

@: lethally poisoned (0 -> -5), very slightly contaminated, not resistant to
hostile enchantments, fairly stealthy
A: almost no armour, amphibious, 8 rings, constrict 8, camouflage 1, gelatinous
body 1
a: no special abilities


You were on level 2 of the Dungeon.
You were not hungry.

You visited 1 branch of the dungeon, and saw 2 of its levels.

You collected 19 gold pieces.

Inventory:

Hand Weapons
 d - a +0 dagger (weapon)
Missiles
 f - 6 tomahawks (quivered)
Books
 a - a book of Flames

   Spells                             Type                      Level
   a - Flame Tongue                   Conjuration/Fire             1
   b - Throw Flame                    Conjuration/Fire             2
   c - Conjure Flame                  Conjuration/Fire             3
   d - Inner Flame                    Hexes/Fire                   3
   e - Sticky Flame                   Conjuration/Fire             4
   f - Fireball                       Conjuration/Fire             5
Comestibles
 b - a bread ration


   Skills:
 + Level 1.0 Fighting
 - Level 2.0 Dodging
 - Level 2.6 Stealth
 * Level 2.4 Spellcasting
   Level 1.8 Conjurations
   Level 3.4 Fire Magic


You had 6 spell levels left.
You didn't know any spells.

Dungeon Overview and Level Annotations

Branches:
Dungeon (2/15)

Altars:
Pakellas


Innate Abilities, Weirdness & Mutations

You cannot wear most types of armour.
You are amphibious.
You can wear up to eight rings at the same time.
You can use your tentacles to constrict eight enemies at once.
Your skin changes colour to match your surroundings (Stealth).
Your rubbery body absorbs attacks (AC +1).


Message History

Read which item? (? for menu, Esc to quit)
As you read the scroll labeled CEOSAO HAIH, it crumbles to dust.
The scroll dissolves into smoke.
It was a scroll of fog.
Read which item? (? for menu, Esc to quit)
As you read the scroll labeled QERPHO FADDUWE, it crumbles to dust.
It is a scroll of amnesia.
Forget which spell ([?*] list [ESC] exit)?
Your memory of Flame Tongue unravels.
* * * LOW HITPOINT WARNING * * *
You feel sick.
You stop training Conjurations and Fire Magic.
There is a lethal amount of poison in your body!
There is a lethal amount of poison in your body!
* * * LOW HITPOINT WARNING * * *
You feel sick.
* * * LOW HITPOINT WARNING * * *
You feel sick.
* * * LOW HITPOINT WARNING * * *
You feel sick.
You die...

########### ......... #
....... .. .....
...#####...#
.........#.#########
........@..........######
.........................
...#####.#....##.#..#####
#.####.##<.....###
####....#.#####......
#§§§..#.#...........#
#§###.#.#######÷...#. #§#
#...# ###...#.. #§# #####
##....#.._


There were no monsters in sight!

Vanquished Creatures
  2 adders (D:2)
  A dart slug (D:1)
  A bat (D:1)
  4 goblins
  3 hobgoblins (D:1)
  2 giant newts (D:1)
  2 kobolds (D:1)
  2 rats
17 creatures vanquished.

Notes
Turn   | Place    | Note
--------------------------------------------------------------
     0 | D:1      | oplop the Octopode Fire Elementalist began the quest for the Orb.
     0 | D:1      | Reached XP level 1. HP: 11/11 MP: 3/3
   271 | D:1      | Reached XP level 2. HP: 18/18 MP: 1/5
  1128 | D:2      | Found an oddly glowing altar of Pakellas.
  1180 | D:2      | Reached XP level 3. HP: 12/22 MP: 1/6
  1404 | D:2      | Reached skill level 1 in Fighting
  1412 | D:2      | HP: 1/23 [poisoned by an adder]
  1414 | D:2      | Succumbed to an adder's poison

Skill      XL: |  1  2  3 |
---------------+----------+-----
Fighting       | 1 |  1.0
Dodging        | |  2.0
Stealth        | |  2.6
Spellcasting   | |  2.4
Conjurations   | |  1.8
Fire Magic     | |  3.4

Action                   || total
-------------------------++-------
Melee: Unarmed           ||     8
       Dagger            ||     9
       Constrict         ||     3
       Tentacles         ||     2
 Cast: Flame Tongue      ||    22
  Use: Scroll            ||     2
 Stab: Sleeping          ||     3
  Eat: Chunk             ||     2
Dodge: Dodged            ||    10
